 Dungeon Crawl Stone Soup version 0.23-a0-416-g33f1def (webtiles) character file.

14213 Prevert the Cleaver (level 11, -8/94 HPs)
             Began as a Demonspawn Fighter on Nov 10, 2018.
             Was a Believer of Makhleb.
             Mangled by a catoblepas (21 damage)
             ... on level 3 of the Lair of Beasts.
             The game lasted 00:53:35 (17524 turns).

Prevert the Cleaver (Demonspawn Fighter)           Turns: 17524, Time: 00:53:36

Health: -8/94      AC: 19    Str: 23    XL:     11   Next: 85%
Magic:  11/11      EV:  9    Int: 10    God:    Makhleb [**....]
Gold:   511        SH: 11    Dex: 14    Spells: 10/10 levels left

rFire    . . .     SeeInvis .   a - +1 war axe
rCold    + + .     Gourm    .   c - +0 shield
rNeg     . . .     Faith    .   M - +2 ring mail {rC+}
rPois    .         Spirit   .   L - +2 hat
rElec    .         Reflect  .   (no cloak)
rCorr    .         Harm     .   e - +2 pair of gloves
MR       +....                  x - +2 pair of boots
Stlth    ++........             q - amulet of the acrobat
HPRegen  0.25/turn              r - ring of flight
MPRegen  0.12/turn              O - ring of stealth

@: mighty
A: beak, claws 2, icy blue scales 1, agile 1, cold resistance 1, demonic
guardian 1, magic resistance 1, robust 1, weak 1, freezing cloud immunity
a: Minor Destruction, Renounce Religion, Evoke Flight


You were on level 3 of the Lair of Beasts.
You worshipped Makhleb.
Makhleb was pleased with you.
You were not hungry.

You visited 3 branches of the dungeon, and saw 14 of its levels.

You collected 626 gold pieces.
You spent 115 gold pieces at shops.

Inventory:

Hand Weapons
 a - a +1 war axe (weapon)
 A - a +0 club
 E - a +0 war axe of holy wrath
 N - a +2 battleaxe of flaming
Missiles
 k - 2 curare-tipped needles
 o - 10 needles of sleeping
 s - 2 needles of paralysis
 t - 49 poisoned needles
Armour
 b - a +1 scale mail
 c - a +0 shield (worn)
 e - a +2 pair of gloves (worn)
 x - a +2 pair of boots (worn)
 y - a +0 chain mail
 G - a +0 troll leather armour
 L - a +2 hat (worn)
 M - a +2 ring mail of cold resistance (worn)
Jewellery
 q - an amulet of the acrobat (around neck)
 r - a ring of flight (left hand)
 B - an uncursed amulet of the gourmand
 O - a ring of stealth (right hand)
Wands
 v - a wand of iceblast (6)
 I - a wand of polymorph (7)
 K - a wand of digging (6)
 Q - a wand of flame (23)
Scrolls
 g - 5 scrolls of fear
 i - 4 scrolls of amnesia
 m - 4 scrolls of remove curse
 n - 4 scrolls of enchant armour
 u - 2 scrolls of magic mapping
 w - a scroll of teleportation
 J - a scroll of blinking
Potions
 d - 3 potions of lignification
 j - 3 potions of curing
 l - 2 potions of berserk rage {unknown}
 p - 3 potions of brilliance
 z - a potion of agility {unknown}
 C - a potion of degeneration {unknown}
 F - a potion of cancellation {unknown}
 H - 2 potions of flight {unknown}
Comestibles
 f - 24 rations
 R - 9 chunks of flesh


   Skills:
 * Level 7.9 Fighting
 + Level 13.7 Axes
 - Level 0.5 Throwing
 + Level 7.2 Armour
 + Level 7.1 Shields
 + Level 0.5 Evocations


You had 10 spell levels left.
You didn't know any spells.
Your spell library contained the following spells:

 Spells                   Type           Power        Failure   Level  Hunger
 Animate Skeleton         Necr           N/A          83%         1    ##.....
 Apportation              Tloc           #.....       83%         1    ##.....
 Confusing Touch          Hex            #.....       83%         1    ##.....
 Summon Small Mammal      Summ           #...         83%         1    ##.....


Dungeon Overview and Level Annotations

Branches:
Dungeon (10/15)            Temple (1/1) D:5            Lair (3/6) D:8
  Swamp (0/4) Lair:2          Orc (0/2) D:9
  Snake: Lair:2-4    Spider: Lair:2-4

Altars:
Ashenzari
Cheibriados
Dithmenos
Elyvilon
Fedhas
Gozag
Hepliaklqana
Kikubaaqudgha
Makhleb
Nemelex Xobeh
Okawaru
Qazlal
Ru
Sif Muna
Trog
Uskayaw
Vehumet
Wu Jian
Xom
Yredelemnul
Zin
The Shining One
Beogh

Shops:
D:8 *

Annotations:
D:2 exclusion: 2 downstairs
D:7 exclusion: downstairs
Lair:2 exclusion: downstairs


Innate Abilities, Weirdness & Mutations

You have very sharp fingernails.
You are partially covered in icy blue scales. (AC +2)
Your flesh is cold resistant. (rC+)
A weak demonic guardian rushes to your aid.
You are robust. (+10% HP)
You are immune to freezing clouds.
You have a beak for a mouth.
You are agile. (Dex +2)
You are resistant to hostile enchantments. (MR+)
You are weak. (Str -2)


Message History

You feel very mighty all of a sudden. The catoblepas gores you!
* * * LOW HITPOINT WARNING * * *
You feel better.
The catoblepas roars fiercely, eyes lowered.
The catoblepas gores you but does no damage.
You slash the catoblepas!
The catoblepas is severely wounded.
The catoblepas gores you but does no damage.
You hit the catoblepas.
You peck the catoblepas, but do no damage.
The catoblepas is severely wounded.
The catoblepas gores you but does no damage.
You hit the catoblepas.
The catoblepas is almost dead.
The catoblepas gores you but does no damage.
You slash the catoblepas!
The catoblepas is almost dead.
The catoblepas gores you!!
You die...

.. .....+ .⌠.....⌠#.
.........# .#....##..
###......... ##
#.....##.... ..##
..#####...#.....#
...##....⌠..5.$#§....P
####.##..#......@#§§......
#.#.......##.>.#Y#§.......
............#####.........
................#.........
...###....................
..## #...................
..P#####..................
...#.#P.....#.#.#........#
....÷........####.........


You could see a catoblepas and a friendly iron imp.

Vanquished Creatures
  Snorg (Lair:3)
  A catoblepas (Lair:1)
  3 spiny frogs (Lair:1)
  A kobold demonologist (D:8)
  5 komodo dragons
  2 trolls (D:9)
  Grinder (D:3)
  A polar bear (Lair:3)
  4 blink frogs (Lair:2)
  3 hippogriffs
  14 yaks
  3 hogs (D:8)
  A wyvern (Lair:2)
  A human (D:8)
  4 water moccasins
  2 porcupines
  A sky beast (D:8)
  7 orc warriors
  An ice beast (D:5)
  A phantom (D:9)
  A black bear (D:6)
  An ogre (D:6)
  A centaur (D:5)
  5 crocodiles
  3 big kobolds (D:8)
  8 bullfrogs
  2 water moccasin zombies
  A scorpion (D:8)
  6 killer bees
  5 howler monkeys
  2 wights (D:9)
  2 crimson imps (D:8)
  2 bullfrog skeletons
  A bullfrog zombie (D:9)
  A jelly (D:5)
  6 orc wizards
  7 orc priests
  2 hounds
  A gnoll shaman (D:8)
  An iguana (D:5)
  6 worker ants
  A hound skeleton (D:9)
  12 gnolls
  6 adders
  A shadow imp (D:8)
  2 oozes
  An adder zombie (D:9)
  2 worms
  3 dart slugs
  4 leopard geckos
  39 orcs
  3 bats
  2 giant cockroaches
  6 goblins
  5 hobgoblins
  12 jackals
  2 quokkas
  2 ball pythons (D:1)
  2 frilled lizards
  14 kobolds
  2 rats
  7 fungi
  2 plants
251 creatures vanquished.

Vanquished Creatures (collateral kills)
  A spiny frog (Lair:1)
  Sigmund (D:3)
  A wraith (D:6)
  A hog (D:8)
  A yak (Lair:2)
  2 water moccasins
  An orc warrior (D:9)
  A black bear (D:6)
  A phantom (D:4)
  An ogre (D:9)
  A gnoll sergeant (D:7)
  A bullfrog (D:6)
  A wight (D:9)
  2 hounds
  4 orc priests
  A centaur skeleton (D:4)
  A bullfrog skeleton (D:4)
  A gnoll shaman (D:5)
  2 worker ants (D:4)
  A gnoll (D:8)
  6 adders
  A leopard gecko (D:3)
  5 orcs
  A jackal (D:3)
  A kobold (D:8)
40 creatures vanquished.

Vanquished Creatures (others)
  A wizard (D:5)
  A fungus (Lair:1)
  3 plants
5 creatures vanquished.

Grand Total: 296 creatures vanquished

Notes
Turn   | Place    | Note
-------+----------+-------------------------------------------
     0 | D:1      | Prevert the Demonspawn Fighter began the quest for the Orb.
     0 | D:1      | Reached XP level 1. HP: 18/18 MP: 1/1
   231 | D:1      | Gained mutation: You are partially covered in icy blue
                  | scales. (AC +2) [demonic ancestry]
   231 | D:1      | Reached XP level 2. HP: 22/24 MP: 2/2
   703 | D:1      | Reached skill level 2 in Axes
  1093 | D:2      | Found a sacrificial altar of Ru.
  1154 | D:2      | Found a radiant altar of Vehumet.
  1160 | D:2      | Gained mutation: A weak demonic guardian rushes to your
                  | aid. [demonic ancestry]
  1160 | D:2      | Reached XP level 3. HP: 29/29 MP: 3/3
  1353 | D:2      | Found a sparkling altar of Nemelex Xobeh.
  1593 | D:2      | Found a hide-covered altar of Uskayaw.
  2074 | D:3      | Noticed Sigmund
  2563 | D:3      | Reached skill level 3 in Axes
  2676 | D:3      | Gained mutation: Your flesh is cold resistant. (rC+)
                  | [demonic ancestry]
  2676 | D:3      | Reached XP level 4. HP: 34/35 MP: 4/4
  2809 | D:3      | Reached skill level 6 in Axes
  2809 | D:3      | Reached skill level 5 in Armour
  2809 | D:3      | Reached skill level 5 in Shields
  2809 | D:3      | Gained mutation: You are immune to freezing clouds.
                  | [demonic ancestry]
  2809 | D:3      | Reached XP level 5. HP: 47/47 MP: 5/5
  3328 | D:3      | Noticed Grinder
  3364 | D:3      | Killed Sigmund
  3364 | D:3      | Gained mutation: You have sharp fingernails. [demonic
                  | ancestry]
  3364 | D:3      | Reached XP level 6. HP: 41/53 MP: 6/6
  3486 | D:3      | Paralysed by Grinder for 2 turns
  3509 | D:3      | Killed Grinder
  4278 | D:1      | You fall through a shaft!
  5143 | D:4      | Found a shattered altar of Ashenzari.
  5154 | D:4      | Reached XP level 7. HP: 23/60 MP: 7/7
  5735 | D:4      | Found a blossoming altar of Fedhas.
  5736 | D:4      | Found an ancient bone altar of Kikubaaqudgha.
  6689 | D:5      | Entered Level 5 of the Dungeon
  7176 | D:5      | Found a bloodstained altar of Trog.
  7180 | D:5      | Noticed a wizard
  7182 | D:5      | Killed a wizard
  7219 | D:5      | Found a staircase to the Ecumenical Temple.
  7252 | Temple   | Entered the Ecumenical Temple
  7557 | D:5      | Reached skill level 7 in Axes
  7557 | D:5      | Reached XP level 8. HP: 67/67 MP: 8/8
  7789 | D:6      | Found a glowing golden altar of the Shining One.
  7807 | D:6      | Found a snail-covered altar of Cheibriados.
  8949 | D:7      | Found a stormy altar of Qazlal.
  8991 | D:7      | Noticed an air elemental
  9080 | D:7      | Reached skill level 8 in Axes
  9129 | D:7      | Found a deep blue altar of Sif Muna.
  9249 | D:7      | Found a hazy altar of Hepliaklqana.
  9249 | D:7      | Found a burning altar of Makhleb.
  9253 | D:7      | Found a sacrificial altar of Ru.
  9386 | D:8      | Gained mutation: You have very sharp fingernails. [demonic
                  | ancestry]
  9386 | D:8      | Reached XP level 9. HP: 72/72 MP: 9/9
  9398 | D:8      | Found a staircase to the Lair.
  9448 | D:8      | Found Plog's Assorted Antiques.
  9549 | D:8      | Bought a pearl ring for 115 gold pieces
  9844 | D:8      | Reached skill level 9 in Axes
  9998 | D:8      | Noticed a kobold demonologist
 10000 | D:8      | Noticed a hellwing
 10017 | D:8      | Noticed a hellwing
 10017 | D:8      | Killed a kobold demonologist
 10878 | D:8      | Reached skill level 10 in Axes
 10890 | D:8      | Reached XP level 10. HP: 78/79 MP: 10/10
 11028 | D:7      | Became a worshipper of Makhleb the Destroyer
 11579 | D:8      | Noticed a rust devil
 11579 | D:8      | Noticed a rust devil
 11647 | D:9      | Reached skill level 11 in Axes
 11962 | D:9      | Reached * piety under Makhleb
 12392 | D:9      | Found a roughly hewn altar of Beogh.
 12392 | D:9      | Found a staircase to the Orcish Mines.
 13309 | D:10     | Entered Level 10 of the Dungeon
 13573 | D:8      | Found a staircase to the Lair.
 13734 | D:8      | Found Plog's Assorted Antiques.
 13968 | Lair:1   | Entered Level 1 of the Lair of Beasts
 14176 | Lair:1   | Noticed a catoblepas
 14180 | Lair:1   | Noticed a spiny frog
 14190 | Lair:1   | Killed a spiny frog
 14198 | Lair:1   | Killed a catoblepas
 14198 | Lair:1   | Reached skill level 12 in Axes
 14198 | Lair:1   | Gained mutation: You are robust. (+10% HP) [demonic
                  | ancestry]
 14198 | Lair:1   | Reached XP level 11. HP: 31/92 MP: 11/11
 14199 | Lair:1   | Reached ** piety under Makhleb
 15986 | Lair:2   | Found a staircase to the Swamp.
 15996 | Lair:2   | Reached skill level 13 in Axes
 16986 | Lair:3   | Noticed Snorg
 16996 | Lair:3   | Killed Snorg
 17302 | Lair:3   | Gained mutation: Your body sometimes deteriorates upon
                  | taking damage. [potion of mutation]
 17302 | Lair:3   | Gained mutation: You have a beak for a mouth. [potion of
                  | mutation]
 17302 | Lair:3   | Gained mutation: Your spells are a little harder to cast,
                  | but a little more powerful. [potion of mutation]
 17303 | Lair:3   | Lost mutation: Your body sometimes deteriorates upon taking
                  | damage. [potion of mutation]
 17303 | Lair:3   | Lost mutation: Your spells are a little harder to cast, but
                  | a little more powerful. [potion of mutation]
 17303 | Lair:3   | Gained mutation: You are agile. (Dex +2) [potion of
                  | mutation]
 17303 | Lair:3   | Gained mutation: You are weak. (Str -2) [potion of
                  | mutation]
 17303 | Lair:3   | Gained mutation: You are resistant to hostile enchantments.
                  | (MR+) [potion of mutation]
 17494 | Lair:3   | Noticed a catoblepas
 17519 | Lair:3   | HP: 3/94 [catoblepas (14)]
 17524 | Lair:3   | Mangled by a catoblepas

Vault maps used:
D:1:      grunt_arrival_crossed_arrows, corexii_corridor_pit, hex_intersection
D:2:      lemuel_crystal_altar, overflow_temple_1_default, lemuel_doored_altar,
          chequers_arboretum, chequers_serial_rivers_micro_a,
          nicolae_ru_sacrificial_ziggurat
D:3:      uniq_grinder, uniq_sigmund
D:4:      grunt_temple_overflow_growth_and_decay, nicolae_ashenzari_panopticon,
          lightli_corner_chamber
D:5:      lemuel_ice_spiral_2, minmay_temple_entry_enclosed_plants,
          first_ration, serial_bayou_ford_a, trog_wizard
D:6:      kennysheep_spiral_hall, kennysheep_slug_shrine,
          nicolae_overflow_crystal_walls, serial_bayou, serial_bayou_lake_a,
          serial_bayou_crossing, serial_bayou_pond_d,
          chequers_serial_rivers_marsh
D:7:      led_sif_pool, nicolae_overflow_hidden_temple,
          nicolae_qazlal_style_of_elements
D:8:      cheibrodos_iron_armory, dpeg_oklobed_lair, serial_shops, shop,
          grunt_livestock
D:9:      david_orc_5
D:10:     minmay_orc_keep
Temple:   compressed_dpeg_triangle_lava_temple
Lair:1:   cheibrodos_lair_reptile_den, serial_bayou_shore_b
Lair:2:   swamp_mist_pool, lemuel_fruit_tree
Lair:3:   serial_bayou, serial_bayou_shore_a, serial_bayou_pond_a,
          serial_bayou_pond_e, serial_bayou_shore_b, grunt_megastairs_5,
          uniq_snorg

Skill      XL: |  1  2  3  4  5  6  7  8  9 10 11 |
---------------+----------------------------------+-----
Shields        | 3 5 6 7 |  7.1
Axes           | 2 3 6 7 8 10 12 13 | 13.7
Armour         | 3 5 6 7 |  7.2
Fighting       | 6 7 |  7.9
Throwing       | |  0.5
Evocations     | |  0.5

Action                   |  1- 3 |  4- 6 |  7- 9 | 10-12 || total
-------------------------+-------+-------+-------+-------++-------
Melee: War axe           |   139 |    17 |   451 |   479 ||  1086
       Blowgun           |       |   123 |    14 |       ||   137
       Peck              |       |       |       |     9 ||     9
 Fire: Blowgun           |       |   134 |    14 |       ||   148
Evoke: Wand              |       |       |       |     5 ||     5
  Use: Scroll            |     2 |    10 |     5 |     5 ||    22
       Potion            |       |     4 |       |    11 ||    15
 Stab: Paralysed         |       |     5 |       |       ||     5
       Distracted        |       |       |     1 |     7 ||     8
       Petrified         |       |       |       |     6 ||     6
  Eat: Chunk             |     5 |     1 |    14 |    10 ||    30
       Ration            |       |     3 |     1 |     3 ||     7
Armor: Scale mail        |    76 |   141 |    73 |       ||   290
       Chain mail        |       |       |   204 |    64 ||   268
       Ring mail         |       |       |       |   132 ||   132
Dodge: Dodged            |    41 |    86 |   150 |   146 ||   423
Block: Shield            |    81 |   175 |   304 |   227 ||   787

Table legend:
 A = Non-vault XP
 B = Vault XP
 C = Vault XP percentage of total XP
 D = Non-vault monster count
 E = Vault monster count
 F = Vault count percentage of total count
                 A         B        C        D         E       F
            +---------+---------+-------+---------+---------+-------
      Total |   16266 |    3887 |  19.3 |     239 |      43 |  15.2
            +---------+---------+-------+---------+---------+-------
        D:1 |      38 |       0 |   0.0 |      19 |       0 |   0.0
        D:2 |      20 |       0 |   0.0 |       8 |       0 |   0.0
        D:3 |     189 |     325 |  63.2 |      33 |       2 |   5.7
        D:4 |     283 |       0 |   0.0 |      13 |       0 |   0.0
        D:5 |     600 |       0 |   0.0 |      20 |       0 |   0.0
        D:6 |     591 |      99 |  14.3 |      10 |       4 |  28.6
        D:7 |     513 |       0 |   0.0 |      16 |       0 |   0.0
        D:8 |    2585 |    1204 |  31.8 |      50 |       9 |  15.3
        D:9 |    2108 |     900 |  29.9 |      29 |      23 |  44.2
     Lair:1 |    4337 |      32 |   0.7 |      13 |       3 |  18.8
     Lair:2 |    2614 |       0 |   0.0 |      15 |       0 |   0.0
     Lair:3 |    2388 |    1327 |  35.7 |      13 |       2 |  13.3
            +---------+---------+-------+---------+---------+-------
